 Dungeon Crawl Stone Soup version 0.27-a0-1590-g15f69828bf (webtiles) character file.

Game seed: 3445115579371490728

31 Sabo the Skirmisher (level 3, -1/33 HPs)
             Began as a Hill Orc Fighter on July 18, 2021.
             Was an Initiate of Gozag.
             Succumbed to an adder's poison
             ... on level 2 of the Dungeon.
             The game lasted 00:06:08 (1140 turns).

Sabo the Skirmisher (Hill Orc Fighter)              Turns: 1140, Time: 00:06:08

Health: -1/33      AC:  9    Str: 19    XL:     3   Next: 22%
Magic:  3/3        EV:  5    Int:  8    God:    Gozag
Gold:   33         SH:  9    Dex: 10    Spells: 2/2 levels left

rFire    . . .     SeeInvis .   a - +0 war axe
rCold    + . .     Faith    .   c - +0 kite shield
rNeg     . . .     Spirit   .   e - +0 chain mail
rPois    .         Reflect  .   (no helmet)
rElec    .         Harm     .   (no cloak)
rCorr    .         Rampage  .   (no gloves)
Will     .....                  (no boots)
Stlth    ..........             (no amulet)
HPRegen  0.11/turn              g - ring of protection from cold
MPRegen  0.08/turn              (no ring)

@: mighty, lethally poisoned (-1 -> -7)
A: no striking features
a: Renounce Religion, Potion Petition, Call Merchant, Bribe Branch


You were on level 2 of the Dungeon.
You worshipped Gozag.
Gozag was noncommittal.
You visited 1 branch of the dungeon, and saw 2 of its levels.

You collected 52 gold pieces.
You paid 19 gold pieces to Gozag.

Inventory:

Hand Weapons
 a - a +0 war axe (weapon)
Missiles
 h - 27 sling bullets
Armour
 c - a +0 kite shield (worn)
 e - a +0 chain mail (worn)
Jewellery
 g - a ring of protection from cold (left hand)
 j - a ring of protection from cold
Scrolls
 i - a scroll of teleportation {unknown}
Potions
 b - 2 potions of ambrosia {unknown}
 d - a potion of might
 f - a potion of degeneration {unknown}
 k - a potion of heal wounds {unknown}


   Skills:
 + Level 3.9 Fighting
 + Level 3.4 Axes
 + Level 3.6 Armour
 + Level 3.7 Shields


You had 2 spell levels left.
You didn't know any spells.
Your spell library was empty.

Dungeon Overview and Level Annotations

Branches:
Dungeon (2/15)

Altars:
Gozag


Message History

The adder bites you but does no damage. The adder bites you.
You are poisoned.
The adder poisons you!
You miss the adder.
The adder is almost dead.
You feel sick. You block the adder's attack. x2
You slash the adder!
You kill the adder!
You feel sick. You block the adder's attack.
You have reached level 3!
Your experience leads to an increase in your attributes!
Increase (S)trength, (I)ntelligence, or (D)exterity?
You feel stronger.
You closely miss the adder.
You feel sick. You block the adder's attack. x2
You barely miss the adder.
You feel sick.
You are no longer poisoned.
The adder bites you but does no damage. x2
You closely miss the adder. The adder bites you.
* * * LOW HITPOINT WARNING * * *
The worm is distracted by your dazzling golden aura.
The adder bites you but does no damage.
You closely miss the adder. The adder bites you.
* * * LOW HITPOINT WARNING * * *
The adder bites you.
* * * LOW HITPOINT WARNING * * *
You closely miss the adder. The adder barely misses you.
You block the adder's attack.
You barely miss the adder.
The worm is no longer distracted by gold.
The adder bites you but does no damage. You block the adder's attack.
You barely miss the adder.
The adder bites you but does no damage. x2
Your chain mail prevents you from hitting the adder.
The adder bites you.
* * * LOW HITPOINT WARNING * * *
You are lethally poisoned!
The adder poisons you! You block the adder's attack.
The adder bites you but does no damage.
You feel very mighty all of a sudden.
You die...
Your body crumbles into a pile of gold.

###. #.8..∩.._. <..
......... .. ......... .#
#8S.∩.... .## #####
###........ ..####...##
#.....w.... ...##..#..##
#w#∩..∩..♣. .....##.##.##
#S#........ ....##.⌠.##.##
#@#........
...####.####.###.#∩..S..8b
...#.#.###.#..##.#........
..#.⌠.###.⌠.#....#........
...#.###.#.#...###∩.[∩..♣.
.).##.#.#.#..#.#
##.###.⌠.###.#.#
##..###.#.#..#.#
...#.#.###.#...#


You could see a worm and an adder.

Vanquished Creatures
  An adder (D:2)
  3 endoplasms (D:1)
  2 goblins (D:1)
  2 hobgoblins (D:1)
  4 kobolds
  2 ball pythons (D:1)
  3 bats (D:1)
  A frilled lizard (D:1)
  5 rats
23 creatures vanquished.

Vanquished Creatures (others)
  4 toadstools (D:1)
4 creatures vanquished.

Grand Total: 27 creatures vanquished

Notes
Turn   | Place    | Note
-------+----------+-------------------------------------------
     0 | D:1      | Sabo the Hill Orc Fighter began the quest for the Orb.
     0 | D:1      | Reached XP level 1. HP: 19/19 MP: 1/1
   294 | D:1      | Reached XP level 2. HP: 21/27 MP: 2/2
   904 | D:2      | Found an opulent altar of Gozag.
   922 | D:2      | Became a worshipper of Gozag Ym Sagoz the Greedy
  1108 | D:2      | Found a faded altar of an unknown god.
  1132 | D:2      | Reached XP level 3. HP: 12/33 MP: 3/3
  1139 | D:2      | HP: 1/33 [adder (4)]
  1140 | D:2      | Succumbed to an adder's poison

Illustrated notes

Levels and vault maps discovered:
D:1:      ldierk_walled_garden_2, layout_rooms, kennysheep_nondescript
D:2:      cheibrodos_pilgrimage, layout_loops_ring, basic_altar,
          hellmonk_ecumenical_altar_arch_garden, grunt_decor_mini_mirrors

Skill      XL: |  1  2 |
---------------+-------+-----
Axes           | 3 |  3.4
Fighting       | |  3.9
Armour         | |  3.6
Shields        | |  3.7

Action                   || total
-------------------------++-------
Melee: War axe           ||    83
  Use: Potion            ||     1
Armor: Chain mail        ||    60
Dodge: Dodged            ||    12
Block: Kite shield       ||    56

Table legend: (Time is in decaauts)
 A = Elapsed time spent in this place.
 B = Non-inter-level travel time spent in this place.
 C = Inter-level travel time spent in this place.
 D = Time resting spent in this place.
 E = Time spent auto-exploring this place.
 F = Levels seen in this place.
 G = Mean time per level.
                   A        B        C        D        E       F      G
               +--------+--------+--------+--------+--------+-----+--------+
         Total |   1187 |   1187 |      0 |    310 |      0 |   2 |  593.5 |
       Dungeon |   1187 |   1187 |      0 |    310 |      0 |   2 |  593.5 |
               +--------+--------+--------+--------+--------+-----+--------+

Top non-repeatable levels by time:
     D:1: 836 daAuts
     D:2: 351 daAuts
